 Dungeon Crawl Stone Soup version 0.27-a0-396-g03f4e8edb7 (webtiles) character file.

Game seed: 613727373568410435

903 Morbidden the Sneak (level 7, -4/81 HPs)
             Began as a Demonspawn Brigand on Feb 21, 2021.
             Was an Initiate of Vehumet.
             Killed by divine providence
             ... invoked by an orc priest
              (13 damage)
             ... on level 6 of the Dungeon.
             The game lasted 00:07:33 (5378 turns).

Morbidden the Sneak (Demonspawn Brigand)            Turns: 5378, Time: 00:07:35

Health: -4/81      AC: 17    Str: 15    XL:     7   Next: 80%
Magic:  8/8        EV: 12    Int: 14    God:    Vehumet [......]
Gold:   315        SH:  0    Dex: 14    Spells: 8/8 levels left

rFire    . . .     SeeInvis .   G - +8 rapier "Jellybane" {venom, Str+3}
rCold    . . .     Faith    .   (no shield)
rNeg     + . .     Spirit   .   x - +2 ring mail {rN+}
rPois    .         Reflect  .   (helmet restricted)
rElec    .         Harm     .   c - +0 cloak
rCorr    +         Rampage  .   f - +2 pair of gloves
Will     .....                  (no boots)
Stlth    ..........             (no amulet)
HPRegen  0.23/turn              m - +4 ring of protection
MPRegen  0.11/turn              C - ring of resist corrosion

@: berserking, very quick
A: horns 1, thin metallic scales 1, spiny 1
a: Renounce Religion


You were on level 6 of the Dungeon.
You worshipped Vehumet.
Vehumet was noncommittal.
You visited 2 branches of the dungeon, and saw 7 of its levels.
You also visited: Sewer.

You collected 315 gold pieces.

Inventory:

Hand Weapons
 a - a +3 dagger
 G - the +8 rapier "Jellybane" (weapon) {venom, Str+3}
   (You found it on level 6 of the Dungeon)

   It poisons the flesh of those it strikes.
   It affects your strength (+3).
Missiles
 d - 69 poisoned darts (quivered)
 e - 2 curare-tipped darts
Armour
 b - a +0 robe
 c - a +0 cloak (worn)
 f - a +2 pair of gloves (worn)
 x - a +2 ring mail of positive energy (worn)
Magical Staves
 E - a staff of earth
Jewellery
 m - a +4 ring of protection (left hand)
 y - a ring of fire
 C - a ring of resist corrosion (right hand)
Wands
 F - a wand of iceblast (6)
Scrolls
 g - a scroll of fog {unknown}
 i - 2 scrolls of immolation {unknown}
 j - a scroll of enchant weapon {unknown}
 l - 12 scrolls of identify {unknown}
 n - 2 scrolls of enchant armour {unknown}
 o - a scroll of amnesia {unknown}
 p - 2 scrolls of blinking {unknown}
 r - 4 scrolls of teleportation {unknown}
 v - 3 scrolls of magic mapping {unknown}
Potions
 h - a potion of berserk rage
 k - 2 potions of mutation {unknown}
 q - 4 potions of haste {unknown}
 s - a potion of curing {unknown}
 t - 2 potions of magic {unknown}
 u - 4 potions of heal wounds {unknown}
 w - 5 potions of might
 z - a potion of experience {unknown}
 A - 2 potions of flight {unknown}
 B - a potion of brilliance {unknown}
 D - 2 potions of lignification {unknown}


   Skills:
 * Level 4.0 Fighting
 + Level 4.1 Short Blades
 + Level 1.8 Throwing
 + Level 1.0 Armour
 * Level 3.9 Dodging
 + Level 6.1 Stealth
 * Level 1.3 Spellcasting


You had 8 spell levels left.
You didn't know any spells.
Your spell library contained the following spells:

 Spells                   Type           Power        Failure   Level
 Corona                   Hex            0%           45%         1
 Magic Dart               Conj           0%           45%         1
 Blink                    Tloc           N/A          61%         2
 Call Imp                 Summ           0%           61%         2
 Ensorcelled Hibernation  Hex/Ice        0%           61%         2
 Slow                     Hex            0%           61%         2
 Confusing Touch          Hex            0%           83%         3
 Conjure Flame            Conj/Fire      0%           83%         3
 Dazzling Flash           Conj/Hex       0%           83%         3
 Mephitic Cloud           Conj/Pois/Air  0%           83%         3
 Tukima's Dance           Hex            0%           83%         3


Dungeon Overview and Level Annotations

Branches:
Dungeon (6/15)             Temple (1/1) D:6           Sewer (visited)

Altars:
Cheibriados
Fedhas
Gozag
Hepliaklqana
Kikubaaqudgha
Makhleb
Nemelex Xobeh
Okawaru
Qazlal
Ru
Sif Muna
Trog
Vehumet
Wu Jian
Xom
Zin
The Shining One
Beogh

Shops:
D:6 (

Annotations:
D:3 2 runed translucent doors, exclusion: door, stendehmen's ghost, amateur GrEE
D:4 3 runed translucent doors, ReteAZ's ghost, novice HuFi


Innate Abilities, Weirdness & Mutations

You have a pair of small horns on your head.
You are partially covered in thin metallic scales. (AC +2)
You are partially covered in sharp spines.


Message History

Unknown command.
You are too injured to fight recklessly!
Unknown command.
You are too injured to fight recklessly!
You hit the orc.
The orc is poisoned.
You headbutt the orc.
The orc is severely wounded.
You kill the orc!
Vehumet accepts your kill. Something hits you.
The orc priest invokes the aid of Beogh against you.
Beogh smites you!
* * * LOW HITPOINT WARNING * * *
Things that are here:
a +2 vampiric whip; an orc corpse Unknown command.
Something hits you but does no damage. The orc priest hits you with a +0 club.
* * * LOW HITPOINT WARNING * * *
Items here: )) [[ †.
Unknown command.
You hit the orc priest.
The orc priest is poisoned.
You headbutt the orc priest.
The orc priest is moderately wounded.
Something hits you but does no damage.
The orc priest hits you but does no damage.
Unknown command.
You closely miss the orc priest. Your headbutt misses the orc priest.
The orc priest is moderately wounded.
Something hits you but does no damage.
The orc priest calls down the wrath of Beogh upon you.
Pain shoots through your body!
* * * LOW HITPOINT WARNING * * *
Unknown command.
Unknown command.
It was a potion of berserk rage.
A red film seems to cover your vision as you go berserk!
You feel yourself moving faster!
You feel mighty! Something hits you but does no damage.
The orc priest mumbles some strange prayers to Beogh against you.
Beogh smites you!
You die...

############
#...........
##...........
#............
##......... #......$.
#.#....# #
#....@o##########
#.#...#){).........
#....###...#.....#
................# .
...#.))).#......## .
.. #.._..##......### .
.#.).$.#.........### #
.....................#
.
.(...###.............#
#


You could see an orc priest (very poisoned).

Vanquished Creatures
  A sky beast (D:3)
  2 bullfrogs (D:6)
  2 scorpions
  A jelly (D:5)
  3 orc priests (D:6)
  A bullfrog skeleton (D:4)
  A centaur skeleton (D:5)
  2 iguanas
  3 orc wizards
  3 worker ants
  A hound zombie (D:6)
  6 adders
  A shadow imp (D:5)
  A white imp (D:5)
  An ufetubus (D:5)
  An ooze (D:2)
  An adder skeleton (D:5)
  2 worms
  3 dart slugs
  3 leopard geckos
  7 orcs
  6 giant cockroaches
  5 goblins
  9 hobgoblins
  13 jackals
  6 ball pythons
  7 bats
  7 frilled lizards
  15 kobolds
  12 rats
126 creatures vanquished.

Vanquished Creatures (others)
  15 plants
15 creatures vanquished.

Grand Total: 141 creatures vanquished

Notes
Turn   | Place    | Note
-------+----------+-------------------------------------------
     0 | D:1      | Morbidden the Demonspawn Brigand began the quest for the
                  | Orb.
     0 | D:1      | Reached XP level 1. HP: 16/16 MP: 1/1
    34 | D:1      | Reached skill level 1 in Dodging
   208 | D:1      | Gained mutation: You have a pair of small horns on your
                  | head. [demonic ancestry]
   208 | D:1      | Reached XP level 2. HP: 22/22 MP: 2/2
   223 | D:1      | Reached skill level 4 in Stealth
   547 | D:1      | Reached XP level 3. HP: 27/27 MP: 3/3
  1046 | D:2      | Found a stormy altar of Qazlal.
  1168 | D:2      | Reached XP level 4. HP: 34/34 MP: 4/4
  1525 | D:3      | Gained mutation: You are partially covered in sharp spines.
                  | [demonic ancestry]
  1525 | D:3      | Reached XP level 5. HP: 39/39 MP: 5/5
  1591 | D:3      | Found a glowing drain.
  1607 | Sewer    | Entered a sewer
  2330 | D:3      | Found a large runed translucent door.
  2331 | D:3      | Found a large runed translucent door.
  2333 | D:3      | Noticed stendehmen's ghost (amateur GrEE)
  2448 | D:3      | Noticed a sky beast
  2461 | D:3      | Killed a sky beast
  2462 | D:3      | Reached skill level 5 in Stealth
  2462 | D:3      | Reached XP level 6. HP: 40/47 MP: 6/6
  2536 | D:3      | Found an ornate altar of the Wu Jian Council.
  2845 | D:3      | Found a shimmering blue altar of Sif Muna.
  3360 | D:4      | Found a runed translucent gate.
  3360 | D:4      | Found a runed translucent gate.
  3360 | D:4      | Found a runed translucent gate.
  3360 | D:4      | Identified the +7 glaive of the Foot {spect, Str+3 Int+4
                  | Dex+4}
  3360 | D:4      | Noticed ReteAZ's ghost (novice HuFi)
  3360 | D:4      | Identified the +6 scale mail of Dishonesty {Dex+7}
  3361 | D:4      | Found a roughly hewn altar of Beogh.
  3361 | D:4      | Identified the +7 glaive of the Foot {spect, Str+3 Int+4
                  | Dex+4}
  3361 | D:4      | Identified the +8 plate armour "Sett" {rPois rN+}
  3361 | D:4      | Noticed an orc warrior
  3851 | D:4      | Found an ancient bone altar of Kikubaaqudgha.
  4036 | D:5      | Entered Level 5 of the Dungeon
  4036 | D:5      | Found a hazy altar of Hepliaklqana.
  4639 | D:5      | Gained mutation: You are partially covered in thin metallic
                  | scales. (AC +2) [demonic ancestry]
  4639 | D:5      | Reached XP level 7. HP: 47/52 MP: 7/7
  5046 | D:6      | Found Xon Xees's Weapon Shop.
  5239 | D:6      | Found a staircase to the Ecumenical Temple.
  5256 | D:6      | Reached skill level 1 in Spellcasting
  5262 | D:6      | Got a dazzling rapier
  5264 | D:6      | Identified the +8 rapier "Jellybane" {venom, Str+3} (You
                  | found it on level 6 of the Dungeon)
  5282 | Temple   | Entered the Ecumenical Temple
  5335 | Temple   | Became a worshipper of Vehumet
  5355 | D:6      | Found an iron altar of Okawaru.
  5367 | D:6      | Reached skill level 6 in Stealth
  5371 | D:6      | Reached skill level 1 in Armour
  5378 | D:6      | Killed from afar by an orc priest

Illustrated notes

Levels and vault maps discovered:
D:1:      nzn_arrival_settlement, layout_rooms
D:2:      layout_rooms, nicolae_qazlal_general_emergency, minmay_cut_off
D:3:      layout_loops_corners, lemuel_round_altar,
          cheibrodos_sewer_entry_drain, ebering_ghost_disaster_area,
          minivault_25, led_sif_book
D:4:      layout_loops_ring, lemuel_doored_altar, biasface_ghost_orc_armoury,
          serial_forest, infiniplex_forest_straight_4,
          infiniplex_forest_clump_large, infiniplex_forest_clump_curved,
          infiniplex_forest_lined_1, infiniplex_forest_straight_2,
          infiniplex_forest_end_2, infiniplex_forest_clump_tiny,
          nrook_mini_backslash
D:5:      layout_loops_ring, basic_altar
D:6:      layout_basic, nicolae_overflow_hidden_temple,
          gammafunk_temple_overflow_wave, minmay_temple_entry_drinking_statues,
          serial_shops, shop, okawaru_ov_weapons_minmay
Temple:   cyrus_circular_temple

Skill      XL: |  1  2  3  4  5  6  7 |
---------------+----------------------+-----
Dodging        | 1 2 3 |  3.9
Stealth        | 4 5 6 |  6.1
Short Blades   | 2 3 4 |  4.1
Fighting       | 3 4 |  4.0
Spellcasting   | 1 |  1.3
Armour         | 1 |  1.0
Throwing       | |  1.8

Action                   |  1- 3 |  4- 6 |  7- 9 || total
-------------------------+-------+-------+-------++-------
Melee: Dagger            |   125 |   179 |    38 ||   342
       Headbutt          |    11 |    30 |    11 ||    52
       Rapier            |       |       |    12 ||    12
  Use: Potion            |       |       |     1 ||     1
 Stab: Sleeping          |     6 |    12 |     2 ||    20
       Distracted        |     1 |       |       ||     1
Armor: Robe              |    45 |    42 |       ||    87
       Ring mail         |       |     5 |    34 ||    39
Dodge: Dodged            |    82 |    86 |    32 ||   200

Table legend: (Time is in decaauts)
 A = Elapsed time spent in this place.
 B = Non-inter-level travel time spent in this place.
 C = Inter-level travel time spent in this place.
 D = Time resting spent in this place.
 E = Time spent auto-exploring this place.
 F = Levels seen in this place.
 G = Mean time per level.
                   A        B        C        D        E       F      G
               +--------+--------+--------+--------+--------+-----+--------+
         Total |   5529 |   5449 |     80 |      0 |   4289 |   8 |  691.1 |
       Dungeon |   4569 |   4489 |     80 |      0 |   3650 |   6 |  761.5 |
        Temple |     64 |     64 |      0 |      0 |     44 |   1 |   64.0 |
         Sewer |    895 |    895 |      0 |      0 |    595 |   1 |  895.0 |
               +--------+--------+--------+--------+--------+-----+--------+

Top non-repeatable levels by time:
     D:3: 1088 daAuts
     D:4: 978 daAuts
   Sewer: 895 daAuts
     D:2: 775 daAuts
     D:5: 724 daAuts
     D:1: 721 daAuts
     D:6: 281 daAuts
  Temple: 64 daAuts
